 Dungeon Crawl Stone Soup version 0.29-a0-330-g52719c12eb (webtiles) character file.

Game seed: 4502437269602120753

169 dohliylev the Ruffian (level 5, -10/47 (49) HPs)
             Began as a Troll Warper on May 13, 2022.
             Mangled by a wight
             ... wielding a +1 battleaxe of venom
              (11 damage)
             ... on level 3 of the Dungeon.
             The game lasted 00:02:25 (1404 turns).

dohliylev the Ruffian (Troll Warper)                Turns: 1404, Time: 00:02:25

HP:   -10/47 (49)   AC:  5    Str: 21    XL:     5   Next: 25%
MP:   6/6           EV: 10    Int:  9    God:
Gold: 114           SH:  0    Dex:  9    Spells: 6/6 levels left

rFire   . . .      SeeInvis .     - Unarmed
rCold   . . .      Faith    .   (no shield)
rNeg    . . .      Spirit   .   a - +0 robe
rPois   .          Reflect  .   (helmet restricted)
rElec   .          Harm     .   j - +0 cloak
rCorr   .          Rampage  .   (gloves unavailable)
Will    .....                   (boots unavailable)
Stlth   +.........              (no amulet)
HPRegen 0.95/turn               (no ring)
MPRegen 0.10/turn               (no ring)

@: lethally poisoned (-10 -> -13), lightly drained
A: large, unfitting armour, claws 3, regeneration 1, shaggy fur 1, tough skin 1
a: no special abilities


You were on level 3 of the Dungeon.
You visited 1 branch of the dungeon, and saw 3 of its levels.

You collected 114 gold pieces.

Inventory:

Missiles
 c - 7 boomerangs of dispersal (quivered)
Armour
 a - a +0 robe (worn)
 j - a +0 cloak (worn)
Scrolls
 b - a scroll of blinking
 e - 2 scrolls of identify {unknown}
 g - a scroll of enchant weapon {unknown}
 k - a scroll of magic mapping {unknown}
 l - a scroll of teleportation {unknown}
Potions
 d - a potion of curing {unknown}
 f - a potion of might
 h - a potion of flight {unknown}
 i - a potion of berserk rage {unknown}


   Skills:
 + Level 2.0 Fighting
 + Level 0.8 Throwing
 + Level 2.9 Dodging
 + Level 3.9 Unarmed Combat
 + Level 1.4 Spellcasting
 + Level 2.6 Translocations


You had 6 spell levels left.
You didn't know any spells.
Your spell library contained the following spells:

 Spells                   Type           Power      Damage    Failure   Level
 Blink                    Tloc           10%        N/A       19%         2
 Gell's Gravitas          Tloc           5%         N/A       36%         3
 Lesser Beckoning         Tloc           5%         N/A       36%         3
 Teleport Other           Tloc           5%         N/A       36%         3
 Portal Projectile        Hex/Tloc       4%         N/A       54%         3
 Manifold Assault         Tloc           5%         N/A       98%         5
 Blade Hands              Tmut           0%         N/A       100%        5
 Excruciating Wounds      Necr           0%         N/A       100%        5


Dungeon Overview and Level Annotations

Branches:
Dungeon (3/15)

Altars:

Shops:
D:1 !


Innate Abilities, Weirdness & Mutations

You are too large for most types of armour.
You have claws for hands.
Your natural rate of healing is unusually fast.
You are covered in fur. (AC +1)
You have tough skin. (AC +1)


Message History

You closely miss the adder. The adder bites you.
You claw the adder!
The adder is severely wounded.
The adder barely misses you. The adder bites you but does no damage.
You miss the adder.
The adder is severely wounded.
The adder bites you but does no damage.
You claw the adder!
You kill the adder!
No target in view!
HP restored.
l - a scroll labelled DIELI CYMI You see here an adder corpse.
A wight comes into view. It is wielding a +4 spear.
A wight is nearby!
A wight is nearby!
A wight is nearby!
A wight comes into view. It is wielding a +1 battleaxe of venom.
A wight comes into view. It is wielding a +4 dagger.
Found a stone staircase leading up.
A wight comes into view. It is wielding a +0 long sword.
The wight hits you with a +4 spear.
You closely miss the wight. The wight hits you with a +4 spear!
You barely miss the wight. The wight hits you with a +4 spear.
You feel drained.
The wight hits you with a +1 battleaxe of venom!
You feel drained.
* * * LOW HITPOINT WARNING * * *
You are poisoned.
You are too injured to fight recklessly!
You feel very sick.
The wight hits you from afar with a +4 spear.
* * * LOW HITPOINT WARNING * * *
* * * LOW HITPOINT WARNING * * *
You feel very sick.
* * * LOW HITPOINT WARNING * * *
You feel sick. The wight attacks as you move away!
The wight hits you with a +1 battleaxe of venom!
You die...

#..#.# #.#># #...#
#..## ####...##
..#.#..##
#<#.##..######..#
#.#.###........#
#.####...#@...†######
#........z.###......#
........z....######..#
........####.#
........# .# ........#
. .######## .. #.


You could see 2 wights.

Vanquished Creatures
  Pargi (D:3)
  Robin (D:2)
  An adder (D:3)
  A worm (D:2)
  2 bats
  6 endoplasms
  4 giant cockroaches
  14 goblins
  3 hobgoblins (D:2)
  4 jackals (D:2)
  A quokka (D:2)
  A frilled lizard (D:1)
  4 kobolds
  3 rats
46 creatures vanquished.

Notes
Turn   | Place    | Note
-------+----------+-------------------------------------------
     0 | D:1      | dohliylev the Troll Warper began the quest for the Orb.
     0 | D:1      | Reached XP level 1. HP: 19/19 MP: 1/1
   146 | D:1      | Found Jovouthro's Distillery.
   156 | D:1      | Reached XP level 2. HP: 23/27 MP: 3/3
   194 | D:1      | You fall into a shaft and drop 1 floor!
   791 | D:2      | Reached XP level 3. HP: 33/33 MP: 4/4
   979 | D:2      | Noticed Robin
   999 | D:2      | Killed Robin
  1289 | D:2      | Reached XP level 4. HP: 42/42 MP: 5/5
  1360 | D:3      | Noticed Pargi
  1375 | D:3      | Killed Pargi
  1376 | D:3      | Reached skill level 3 in Unarmed Combat
  1376 | D:3      | Reached XP level 5. HP: 44/49 MP: 6/6
  1402 | D:3      | HP: 2/47 [poisoned by a wight]
  1404 | D:3      | Mangled by a wight

Illustrated notes

Levels and vault maps discovered:
D:1:      sevenhm_arrival_forest_fort_large_2, layout_rooms, serial_shops, shop
D:2:      layout_loops_ring, uniq_robin
D:3:      layout_rooms, uniq_pargi

Skill      XL: |  1  2  3  4 |
---------------+-------------+-----
Dodging        | 2 |  2.9
Fighting       | 2 |  2.0
Unarmed Combat | 3 |  3.9
Throwing       | |  0.8
Spellcasting   | |  1.4
Translocations | |  2.6

Action                   |  1- 3 |  4- 6 || total
-------------------------+-------+-------++-------
Melee: Unarmed           |   109 |    21 ||   130
       Punch             |     1 |       ||     1
Armor: Robe              |    54 |    13 ||    67
Dodge: Dodged            |    67 |    21 ||    88

Table legend: (Time is in decaauts)
 A = Elapsed time spent in this place.
 B = Non-inter-level travel time spent in this place.
 C = Inter-level travel time spent in this place.
 D = Time resting spent in this place.
 E = Time spent auto-exploring this place.
 F = Levels seen in this place.
 G = Mean time per level.
                   A        B        C        D        E       F      G
               +--------+--------+--------+--------+--------+-----+--------+
         Total |   1398 |   1318 |     80 |      0 |   1037 |   3 |  466.0 |
       Dungeon |   1398 |   1318 |     80 |      0 |   1037 |   3 |  466.0 |
               +--------+--------+--------+--------+--------+-----+--------+

Top non-repeatable levels by time:
     D:2: 739 daAuts
     D:1: 606 daAuts
     D:3: 52 daAuts
